 Dungeon Crawl Stone Soup version 0.27-b1-42-g19c61b19a5 (webtiles) character file.

Game seed: 17471158478842942132

5 shadowrider38 the Chopper (level 1, -3/19 HPs)
             Began as a Minotaur Berserker on July 29, 2021.
             Was a Follower of Trog.
             Slain by a gnoll (6 damage)
             ... on level 1 of the Dungeon.
             The game lasted 00:00:55 (197 turns).

shadowrider38 the Chopper (Minotaur Berserker)       Turns: 197, Time: 00:00:56

Health: -3/19      AC:  5    Str: 21    XL:     1   Next: 66%
Magic:  0/0        EV: 11    Int:  4    God:    Trog [*.....]
Gold:   0          SH:  0    Dex:  9    Spells: 0/0 levels left

rFire    . . .     SeeInvis .   a - +0 hand axe
rCold    . . .     Faith    .   (no shield)
rNeg     . . .     Spirit   .   e - +0 ring mail
rPois    .         Reflect  .   (helmet restricted)
rElec    .         Harm     .   (no cloak)
rCorr    .         Rampage  .   (no gloves)
Will     .....                  (no boots)
Stlth    ..........             (no amulet)
HPRegen  0.06/turn              (no ring)
MPRegen  0.07/turn              (no ring)

@: no status effects
A: horns 2, retaliatory headbutt
a: Renounce Religion, Berserk


You were on level 1 of the Dungeon.
You worshipped Trog.
Trog was aware of your devotion.
You visited 1 branch of the dungeon, and saw 1 of its levels.

Inventory:

Hand Weapons
 a - a +0 hand axe (weapon)
Armour
 b - a +0 animal skin
 e - a +0 ring mail (worn)
Scrolls
 c - a scroll of fear {unknown}
Potions
 d - a potion of ambrosia {unknown}


   Skills:
 - Level 3.6 Fighting
 + Level 4.1 Axes
 - Level 2.4 Armour
 - Level 2.1 Dodging


You couldn't memorise any spells.
You didn't know any spells.
Your spell library was empty.

Dungeon Overview and Level Annotations

Branches:
Dungeon (1/15)

Altars:


Innate Abilities, Weirdness & Mutations

You have a pair of horns on your head.
You reflexively headbutt those who attack you in melee.


Message History

Unknown command.
A kobold comes into view. It is wielding a +0 short sword.
The kobold shouts!
You hear a shout!
Unknown command.
A kobold is nearby!
Unknown command.
A kobold is nearby!
A gnoll comes into view. It is wielding a +0 spear.
The kobold hits you with a +0 short sword.
Found a scroll labelled RICUGAURIC.
You closely miss the kobold.
The gnoll hits you from afar with a +0 spear.
The kobold hits you but does no damage.
You closely miss the kobold. You headbutt the kobold.
The kobold is moderately wounded.
The gnoll hits you from afar with a +0 spear.
The kobold hits you but does no damage.
You are too injured to fight recklessly!
You hit the kobold.
You kill the kobold!
Trog accepts your kill.
The gnoll hits you from afar with a +0 spear. x2
* * * LOW HITPOINT WARNING * * *
Found 17 sling bullets.
Found a scroll labelled TOAN POULEKUUW.
Found a kite shield.
You see here a scroll labelled RICUGAURIC.
You see here 17 sling bullets.
The gnoll closely misses you.
You hit the gnoll. You headbutt the gnoll.
The gnoll is moderately wounded.
The gnoll hits you but does no damage.
You hit the gnoll. Your headbutt misses the gnoll.
The gnoll is moderately wounded.
The gnoll hits you with a +0 spear.
* * * LOW HITPOINT WARNING * * *
You hit the gnoll.
The gnoll is heavily wounded.
The gnoll hits you with a +0 spear.
You die...

#...........##.......#...#..
#......................###
##..................##.#
##....................#
######............####
............# ..........?.#
........g...###
........@.....#
........(.....#
.....?.......#
#########....# #..[.# #....#
######


You could see a gnoll.

Vanquished Creatures
  An endoplasm (D:1)
  A kobold (D:1)
  2 quokkas (D:1)
4 creatures vanquished.

Notes
Turn   | Place    | Note
-------+----------+-------------------------------------------
     0 | D:1      | shadowrider38 the Minotaur Berserker began the quest for
                  | the Orb.
     0 | D:1      | Reached XP level 1. HP: 19/19 MP: 0/0
   153 | D:1      | Reached skill level 4 in Axes
   197 | D:1      | Slain by a gnoll

Illustrated notes

Levels and vault maps discovered:
D:1:      saegor_arrival_simple_b, layout_rooms,
          chequers_ecumenical_altar_island

Skill      XL: |  1 |
---------------+----+-----
Axes           | 4 |  4.1
Fighting       | |  3.6
Armour         | |  2.4
Dodging        | |  2.1

Action                   || total
-------------------------++-------
Melee: Hand axe          ||    12
       Headbutt          ||     2
Armor: Ring mail         ||     3
Dodge: Dodged            ||    10
